 Dungeon Crawl Stone Soup version 0.21-a0-621-gc60411f (webtiles) character file.

2342 tidbits the Summoner (level 9, -5/65 HPs)
             Began as a Gnoll Summoner on Dec 23, 2017.
             Was a Follower of Cheibriados.
             Slain by a killer bee (7 damage)
             ... on level 8 of the Dungeon.
             The game lasted 00:18:47 (2173 turns).

tidbits the Summoner (Gnoll Summoner)               Turns: 2173, Time: 00:18:48

Health: -5/65      AC:  5    Str: 13    XL:     9   Next: 43%
Magic:  15/18      EV: 14    Int: 20    God:    Cheibriados [*.....]
Gold:   311        SH:  0    Dex: 18    Spells: 11/21 levels left

rFire    . . .     SeeInvis .   a - +7 long sword of the Gloaming {slice, +Fly}
rCold    . . .     Gourm    .   (no shield)
rNeg     . . .     Faith    .   B - +0 ring mail (curse)
rPois    .         Spirit   .   (no helmet)
rElec    .         Reflect  .   (no cloak)
rCorr    .         Harm     .   (no gloves)
MR       .....                  (no boots)
Stlth    +++.......             (no amulet)
HPRegen  0.20/turn              W - ring of wizardry
MPRegen  0.16/turn              F - -2 ring of intelligence (curse)

@: lethally poisoned (-5 -> -14), very slow
A: distributed training, fangs 1, mutation resistance 1, strong nose
a: Bend Time, Renounce Religion, Evoke Flight


You were on level 8 of the Dungeon.
You worshipped Cheibriados.
Cheibriados was aware of your devotion.
You were not hungry.

You visited 2 branches of the dungeon, and saw 9 of its levels.

You collected 311 gold pieces.

Inventory:

Hand Weapons
 a - the +7 long sword of the Gloaming (weapon) {slice, +Fly}
   (You found it on level 4 of the Dungeon)

   It inflicts extra damage upon your enemies.
   It lets you fly.
 j - a +0 hand axe
 k - a +0 war axe
 v - a +0 short sword
 C - a +0 whip of electrocution
   (You took it off Pikel on level 6 of the Dungeon)
 H - a +1 flail of protection
   (You took it off Edmund on level 6 of the Dungeon)
Missiles
 m - 48 arrows
 t - 80 stones
 A - 4 javelins (quivered)
 I - 2 poisoned tomahawks
Armour
 h - a +0 robe
 y - a +0 ring mail
 z - a cursed +0 robe
 B - a cursed +0 ring mail (worn)
 E - a +0 chain mail
Magical Staves
 x - an uncursed staff of earth {unknown}
   (You found it on level 4 of the Dungeon)
Jewellery
 F - a cursed -2 ring of intelligence (right hand)
   (You found it on level 6 of the Dungeon)
 W - a ring of wizardry (left hand)
   (You found it on level 3 of the Dungeon)
Scrolls
 e - 2 scrolls of immolation {unknown}
 g - 15 scrolls of identify {unknown}
 l - a scroll of random uselessness {unknown}
 n - 2 scrolls of magic mapping {unknown}
 p - a scroll of enchant weapon {unknown}
 q - a scroll of fog {unknown}
 r - a scroll of amnesia {unknown}
 s - 2 scrolls of remove curse {unknown}
 u - a scroll of teleportation {unknown}
 w - a scroll of fear {unknown}
Potions
 d - a potion of degeneration {unknown}
 f - 2 potions of might {unknown}
 i - a potion of lignification {unknown}
 o - a potion of agility {unknown}
 D - 2 potions of curing
 G - a potion of heal wounds {unknown}
 J - a potion of berserk rage {unknown}
Books
 b - a book of Callings

   Spells                             Type                      Level
   a - Summon Small Mammal            Summoning                    1
   b - Call Imp                       Summoning                    2
   c - Call Canine Familiar           Summoning                    3
   d - Summon Guardian Golem          Hexes/Summoning              3
   e - Summon Lightning Spire         Summoning/Air                4
   f - Summon Ice Beast               Ice/Summoning                4
Comestibles
 c - 14 rations


   Skills:
 + Level 4.1 Fighting
 + Level 4.1 Short Blades
 + Level 4.1 Long Blades
 + Level 4.1 Axes
 + Level 4.1 Maces & Flails
 + Level 4.1 Polearms
 + Level 4.1 Staves
 + Level 4.1 Slings
 + Level 4.1 Bows
 + Level 4.1 Crossbows
 + Level 4.1 Throwing
 + Level 4.1 Armour
 + Level 6.2 Dodging
 + Level 6.0 Stealth
 + Level 4.1 Shields
 + Level 4.1 Unarmed Combat
 + Level 6.6 Spellcasting
 + Level 3.4 Conjurations
 + Level 3.4 Hexes
 + Level 3.4 Charms
 + Level 8.0 Summonings
 + Level 3.4 Necromancy
 + Level 3.4 Translocations
 + Level 3.4 Transmutations
 + Level 3.4 Fire Magic
 + Level 3.4 Ice Magic
 + Level 3.4 Air Magic
 + Level 3.4 Earth Magic
 + Level 3.4 Poison Magic
 + Level 4.5 Invocations
 + Level 4.1 Evocations


You had 11 spell levels left.
You knew the following spells:

 Your Spells              Type           Power        Failure   Level  Hunger
a - Summon Small Mammal   Summ           ####         1%          1    None
c - Call Canine Familiar  Summ           #####...     1%          3    #......
i - Call Imp              Summ           #####...     1%          2    None
L - Summon Lightning Spi  Summ/Air       ####....     8%          4    ###....


Dungeon Overview and Level Annotations

Branches:
Dungeon (8/15)             Temple (1/1) D:6
   Lair: D:8-11

Altars:
Ashenzari
Cheibriados
Dithmenos
Elyvilon
Gozag
Hepliaklqana
Nemelex Xobeh
Okawaru
Ru
Sif Muna
Trog
Uskayaw
Wu Jian
Xom
The Shining One

Annotations:
D:3 Crazy Yiuf


Innate Abilities, Weirdness & Mutations

Your experience applies equally to all skills.
You have very sharp teeth.
Your uncanny sense of smell can sniff out nearby items.
You are somewhat resistant to further mutation.


Message History

The wyvern is almost dead.
The wyvern bites you!
* * * LOW HITPOINT WARNING * * *
Your lightning spire shoots out a bolt of lightning at the wyvern!
The bolt of electricity hits the wyvern.
The wyvern dies!
Cheibriados thoroughly appreciates the change of pace.
Your Stealth skill increases to level 6!
Your Summonings skill increases to level 8!
Your lightning spire shoots out a bolt of lightning at the iguana!
The bolt of electricity hits the iguana.
The iguana dies!
Cheibriados appreciates the change of pace.
You see here an iguana corpse.
You see here a potion of curing.
D - 2 potions of curing (gained 1)
You see here a javelin.
A - 4 javelins (gained 1)
Press: ? - help, v - describe, . - travel, g - get item A rapier.
The floor.
You see here 12 stones.
Found 20 gold pieces.
You see here a rapier. 2 killer bees come into view.
Found a runed scale mail. 2 killer bees come into view.
Casting: Summon Lightning Spire
Confirm with . or Enter, or press ? or * to list all spells.
Aiming: Summon Lightning Spire
Press: ? - help, Dir - move target cursor An electric hum fills the air.
A basilisk comes into view.
The killer bee buzzes angrily. x4; The basilisk hisses angrily.
You hear a bellow! x2
The killer bee closely misses you.
A killer bee comes into view.
You hit the killer bee but do no damage.
The killer bee closely misses you. The killer bee stings you.
* * * LOW HITPOINT WARNING * * *
The killer bee misses you.
Your lightning spire shoots out a bolt of lightning at the killer bee!
The bolt of electricity hits the killer bee. x2
The killer bee dies!
Cheibriados thoroughly appreciates the change of pace.
The bolt of electricity hits your lightning spire.
Your lightning spire completely resists.
The basilisk gazes at you. You resist with some effort.
The killer bee closely misses you.
A porcupine comes into view.
Okay, then.
Unknown command.
You closely miss the killer bee. The killer bee misses you.
The killer bee closely misses you. The killer bee misses you.
The killer bee completely misses you.
You riposte.
You miss the killer bee. The killer bee closely misses you.
The killer bee barely misses you.
You riposte.
You completely miss the killer bee. Your bite misses the killer bee.
A yak comes into view.
You barely miss the killer bee. The killer bee stings you.
* * * LOW HITPOINT WARNING * * *
The killer bee barely misses you. The killer bee closely misses you.
The killer bee stings your lightning spire.
The killer bee stings you.
* * * LOW HITPOINT WARNING * * *
The killer bee closely misses you. x2; You riposte.
You closely miss the killer bee.
The killer bee barely misses your lightning spire.
The killer bee barely misses you.
You riposte.
You completely miss the killer bee. The killer bee closely misses you.
You riposte.
You slash the killer bee!
The killer bee is heavily wounded.
The killer bee barely misses you.
You riposte.
You slash the killer bee!
The killer bee is almost dead.
You miss the killer bee.
The killer bee is heavily wounded.
The killer bee stings your lightning spire.
The killer bee closely misses you. The killer bee stings you.
* * * LOW HITPOINT WARNING * * *
The killer bee closely misses you.
The killer bee stings your lightning spire but does no damage.
The killer bee completely misses you. The killer bee closely misses you.
The killer bee stings you.
* * * LOW HITPOINT WARNING * * *
You are poisoned.
The killer bee poisons you!
The killer bee completely misses your lightning spire.
You miss the killer bee. Your bite misses the killer bee.
You feel sick. The killer bee completely misses you. The killer bee stings you.
* * * LOW HITPOINT WARNING * * *
You are more poisoned.
The killer bee poisons you! The killer bee stings you.
* * * LOW HITPOINT WARNING * * *
You are lethally poisoned!
The killer bee poisons you!
The killer bee stings your lightning spire.
The killer bee stings you!
* * * LOW HITPOINT WARNING * * *
The killer bee stings you!
You die...

....####†########
###.#............
......#...######
#.#.#.......########
..........).........
#.......(.#.....##
#......####.....#
##.................#
...#......#####y@..#
##.+...... #yy8....#
#...... ..ry.$...#
#####.# #....lY....#
#.......####
#.....[.# #....♣..#
...P. ...


You could see a yak, a basilisk, a porcupine, 4 killer bees and a friendly
lightning spire.

Vanquished Creatures
  The ghost of p0werm0de the Covert, a novice OpEn of Xom (D:7)
  An orc warrior (D:7)
  A necrophage (D:7)
  A bullfrog (D:6)
  A howler monkey (D:7)
  2 centaur zombies (D:5)
  2 crimson imps
  A centaur skeleton (D:5)
  An orc wizard (D:5)
  A bullfrog skeleton (D:7)
  An iguana (D:5)
  3 worker ants
  A hound skeleton (D:4)
  4 gnolls
  4 adders
  An adder skeleton (D:5)
  3 leopard geckos
  2 orcs (D:5)
  3 bats
  3 giant cockroaches
  3 goblins
  2 hobgoblins
  6 jackals
  4 kobolds
  4 quokkas (D:4)
  A frilled lizard (D:5)
  A quokka skeleton (D:4)
  A rat (D:1)
59 creatures vanquished.

Vanquished Creatures (collateral kills)
  Pikel (D:6)
  A centaur skeleton (D:7)
  A hippogriff (D:7)
  A wyvern (D:8)
  The ghost of tidbits the Caller, an amateur GnSu (D:3)
  Edmund (D:6)
  A slave (D:6)
  An orc warrior (D:7)
  2 ice beasts (D:5)
  A black bear (D:7)
  A phantom (D:6)
  An ogre (D:4)
  A centaur (D:7)
  2 scorpions
  A killer bee (D:8)
  A crimson imp (D:5)
  A hound (D:6)
  3 orc priests (D:7)
  An iguana (D:8)
  A worker ant (D:6)
  A gnoll (D:3)
  3 adders
  2 shadow imps
  2 oozes
  A worm (D:4)
  9 orcs
  2 bats
  2 goblins (D:3)
  A ball python (D:7)
  3 frilled lizards
  2 rats (D:1)
52 creatures vanquished.

Grand Total: 111 creatures vanquished

Notes
Turn   | Place    | Note
-------+----------+-------------------------------------------
     0 | D:1      | tidbits the Gnoll Summoner began the quest for the Orb.
     0 | D:1      | Reached XP level 1. HP: 13/13 MP: 6/6
   129 | D:1      | Reached XP level 2. HP: 9/19 MP: 7/7
   133 | D:1      | Learned a level 2 spell: Call Imp
   358 | D:1      | Reached XP level 3. HP: 7/25 MP: 5/9
   456 | D:3      | Learned a level 3 spell: Call Canine Familiar
   473 | D:3      | Reached skill level 5 in Spellcasting
   543 | D:3      | Noticed tidbits's ghost (amateur GnSu)
   544 | D:3      | Gained mutation: Your flesh is cold resistant. (rC+) [potion of mutation]
   544 | D:3      | Gained mutation: Your body sometimes deteriorates upon taking damage. [potion of mutation]
   544 | D:3      | Gained mutation: You are somewhat resistant to further mutation. [potion of mutation]
   565 | D:3      | Killed tidbits's ghost
   565 | D:3      | Reached skill level 1 in Fighting
   565 | D:3      | Reached skill level 1 in Short Blades
   565 | D:3      | Reached skill level 1 in Long Blades
   565 | D:3      | Reached skill level 1 in Axes
   565 | D:3      | Reached skill level 1 in Maces & Flails
   565 | D:3      | Reached skill level 1 in Polearms
   565 | D:3      | Reached skill level 1 in Staves
   565 | D:3      | Reached skill level 1 in Slings
   565 | D:3      | Reached skill level 1 in Bows
   565 | D:3      | Reached skill level 1 in Crossbows
   565 | D:3      | Reached skill level 1 in Throwing
   565 | D:3      | Reached skill level 1 in Armour
   565 | D:3      | Reached skill level 1 in Shields
   565 | D:3      | Reached skill level 1 in Unarmed Combat
   565 | D:3      | Reached skill level 1 in Conjurations
   565 | D:3      | Reached skill level 1 in Hexes
   565 | D:3      | Reached skill level 1 in Charms
   565 | D:3      | Reached skill level 1 in Necromancy
   565 | D:3      | Reached skill level 1 in Translocations
   565 | D:3      | Reached skill level 1 in Transmutations
   565 | D:3      | Reached skill level 1 in Fire Magic
   565 | D:3      | Reached skill level 1 in Ice Magic
   565 | D:3      | Reached skill level 1 in Air Magic
   565 | D:3      | Reached skill level 1 in Earth Magic
   565 | D:3      | Reached skill level 1 in Poison Magic
   565 | D:3      | Reached skill level 1 in Invocations
   565 | D:3      | Reached skill level 1 in Evocations
   565 | D:3      | Reached XP level 4. HP: 32/32 MP: 1/11
   571 | D:3      | Learned a level 4 spell: Summon Lightning Spire
   615 | D:3      | Reached XP level 5. HP: 35/37 MP: 3/12
   639 | D:3      | Found a runed door.
   643 | D:3      | Noticed Crazy Yiuf
   841 | D:4      | Lost mutation: Your body sometimes deteriorates upon taking damage. [potion of mutation]
   841 | D:4      | Lost mutation: Your flesh is cold resistant. (rC+) [potion of mutation]
   856 | D:4      | Noticed an ogre
   869 | D:4      | Killed an ogre
   883 | D:4      | Got a shimmering long sword
   884 | D:4      | Identified the +7 long sword of the Gloaming {slice, +Fly} (You found it on level 4 of the Dungeon)
   894 | D:5      | Entered Level 5 of the Dungeon
  1108 | D:5      | Reached skill level 2 in Invocations
  1108 | D:5      | Reached XP level 6. HP: 15/44 MP: 9/13
  1144 | D:6      | Noticed a slave
  1153 | D:5      | Reached skill level 5 in Dodging
  1202 | D:5      | Reached skill level 2 in Fighting
  1202 | D:5      | Reached skill level 2 in Short Blades
  1202 | D:5      | Reached skill level 2 in Long Blades
  1202 | D:5      | Reached skill level 2 in Axes
  1202 | D:5      | Reached skill level 2 in Maces & Flails
  1202 | D:5      | Reached skill level 2 in Polearms
  1202 | D:5      | Reached skill level 2 in Staves
  1202 | D:5      | Reached skill level 2 in Slings
  1202 | D:5      | Reached skill level 2 in Bows
  1202 | D:5      | Reached skill level 2 in Crossbows
  1202 | D:5      | Reached skill level 2 in Throwing
  1202 | D:5      | Reached skill level 2 in Armour
  1202 | D:5      | Reached skill level 2 in Shields
  1202 | D:5      | Reached skill level 2 in Unarmed Combat
  1202 | D:5      | Reached skill level 2 in Evocations
  1266 | D:5      | Noticed an ice beast
  1276 | D:5      | Killed an ice beast
  1312 | D:4      | Reached XP level 7. HP: 24/50 MP: 6/15
  1425 | D:6      | Noticed Pikel
  1516 | D:5      | Found an ornate altar of the Wu Jian Council.
  1530 | D:5      | Reached skill level 2 in Conjurations
  1530 | D:5      | Reached skill level 2 in Hexes
  1530 | D:5      | Reached skill level 2 in Charms
  1530 | D:5      | Reached skill level 2 in Necromancy
  1530 | D:5      | Reached skill level 2 in Translocations
  1530 | D:5      | Reached skill level 2 in Transmutations
  1530 | D:5      | Reached skill level 2 in Fire Magic
  1530 | D:5      | Reached skill level 2 in Ice Magic
  1530 | D:5      | Reached skill level 2 in Air Magic
  1530 | D:5      | Reached skill level 2 in Earth Magic
  1530 | D:5      | Reached skill level 2 in Poison Magic
  1587 | D:6      | Reached skill level 5 in Stealth
  1603 | D:6      | Found a staircase to the Ecumenical Temple.
  1610 | Temple   | Entered the Ecumenical Temple
  1777 | Temple   | Became a worshipper of Cheibriados the Contemplative
  1835 | D:6      | Reached skill level 3 in Invocations
  1849 | D:7      | Noticed p0werm0de's ghost (novice OpEn)
  1856 | D:7      | Killed p0werm0de's ghost
  1856 | D:7      | Reached skill level 3 in Fighting
  1856 | D:7      | Reached skill level 3 in Short Blades
  1856 | D:7      | Reached skill level 3 in Long Blades
  1856 | D:7      | Reached skill level 3 in Axes
  1856 | D:7      | Reached skill level 3 in Maces & Flails
  1856 | D:7      | Reached skill level 3 in Polearms
  1856 | D:7      | Reached skill level 3 in Staves
  1856 | D:7      | Reached skill level 3 in Slings
  1856 | D:7      | Reached skill level 3 in Bows
  1856 | D:7      | Reached skill level 3 in Crossbows
  1856 | D:7      | Reached skill level 3 in Throwing
  1856 | D:7      | Reached skill level 3 in Armour
  1856 | D:7      | Reached skill level 3 in Shields
  1856 | D:7      | Reached skill level 3 in Unarmed Combat
  1856 | D:7      | Reached skill level 3 in Evocations
  1856 | D:7      | Reached XP level 8. HP: 56/58 MP: 7/16
  1856 | D:7      | Reached skill level 6 in Spellcasting
  1897 | D:6      | Killed Pikel
  1958 | D:5      | Found a sacrificial altar of Ru.
  1958 | D:5      | Found a shattered altar of Ashenzari.
  1960 | D:5      | Found a glowing golden altar of the Shining One.
  1983 | D:6      | Noticed Edmund
  1993 | D:6      | Killed Edmund
  1993 | D:6      | Reached skill level 3 in Conjurations
  1993 | D:6      | Reached skill level 3 in Hexes
  1993 | D:6      | Reached skill level 3 in Charms
  1993 | D:6      | Reached skill level 3 in Necromancy
  1993 | D:6      | Reached skill level 3 in Translocations
  1993 | D:6      | Reached skill level 3 in Transmutations
  1993 | D:6      | Reached skill level 3 in Fire Magic
  1993 | D:6      | Reached skill level 3 in Ice Magic
  1993 | D:6      | Reached skill level 3 in Air Magic
  1993 | D:6      | Reached skill level 3 in Earth Magic
  1993 | D:6      | Reached skill level 3 in Poison Magic
  1993 | D:6      | Reached skill level 4 in Invocations
  2068 | D:7      | Noticed a hippogriff
  2070 | D:7      | Reached XP level 9. HP: 65/65 MP: 13/18
  2072 | D:7      | Reached skill level 6 in Dodging
  2074 | D:7      | Reached * piety under Cheibriados
  2079 | D:7      | Reached skill level 4 in Fighting
  2079 | D:7      | Reached skill level 4 in Short Blades
  2079 | D:7      | Reached skill level 4 in Long Blades
  2079 | D:7      | Reached skill level 4 in Axes
  2079 | D:7      | Reached skill level 4 in Maces & Flails
  2079 | D:7      | Reached skill level 4 in Polearms
  2079 | D:7      | Reached skill level 4 in Staves
  2079 | D:7      | Reached skill level 4 in Slings
  2079 | D:7      | Reached skill level 4 in Bows
  2079 | D:7      | Reached skill level 4 in Crossbows
  2079 | D:7      | Reached skill level 4 in Throwing
  2079 | D:7      | Reached skill level 4 in Armour
  2079 | D:7      | Reached skill level 4 in Shields
  2079 | D:7      | Reached skill level 4 in Unarmed Combat
  2079 | D:7      | Reached skill level 4 in Evocations
  2153 | D:8      | Reached skill level 6 in Stealth
  2153 | D:8      | Reached skill level 8 in Summonings
  2173 | D:8      | HP: 2/65 [killer bee (7)]
  2173 | D:8      | Slain by a killer bee

Vault maps used:
D:1:      nzn_arrival_depleted_hourglass, fountainhead,
          minmay_large_rounded_square
D:3:      yredelemnul_altar_generic, lemuel_blue_sif_altar,
          uniq_crazy_yiuf_cottage, uniq_ijyb
D:4:      wad_woods_tower
D:5:      lemuel_zombie_altar_kikubaaqudgha, lemuel_crystal_altar,
          gammafunk_temple_overflow_forgotten, first_ration
D:6:      lemuel_doored_altar, minmay_temple_entry_hall, uniq_pikel,
          uniq_blork_the_orc, uniq_edmund
D:7:      serial_shops, nicolae_shop_trees
D:8:      marbit_many_paths, minmay_lair_entry_grove, hangedman_pestilent_swarm,
          uniq_gastronok
Temple:   grunt_temple_mini_profane

Skill      XL: |  1  2  3  4  5  6  7  8  9 |
---------------+----------------------------+-----
Spellcasting   | 5 6 |  6.6
Fighting       | 1 2 3 4 |  4.1
Short Blades   | 1 2 3 4 |  4.1
Long Blades    | 1 2 3 4 |  4.1
Axes           | 1 2 3 4 |  4.1
Maces & Flails | 1 2 3 4 |  4.1
Polearms       | 1 2 3 4 |  4.1
Staves         | 1 2 3 4 |  4.1
Slings         | 1 2 3 4 |  4.1
Bows           | 1 2 3 4 |  4.1
Crossbows      | 1 2 3 4 |  4.1
Throwing       | 1 2 3 4 |  4.1
Armour         | 1 2 3 4 |  4.1
Shields        | 1 2 3 4 |  4.1
Unarmed Combat | 1 2 3 4 |  4.1
Conjurations   | 1 2 3 |  3.4
Hexes          | 1 2 3 |  3.4
Charms         | 1 2 3 |  3.4
Necromancy     | 1 2 3 |  3.4
Translocations | 1 2 3 |  3.4
Transmutations | 1 2 3 |  3.4
Fire Magic     | 1 2 3 |  3.4
Ice Magic      | 1 2 3 |  3.4
Air Magic      | 1 2 3 |  3.4
Earth Magic    | 1 2 3 |  3.4
Poison Magic   | 1 2 3 |  3.4
Invocations    | 1 2 3 4 |  4.5
Evocations     | 1 2 3 4 |  4.1
Dodging        | 5 6 |  6.2
Stealth        | 5 6 |  6.0
Summonings     | 8 |  8.0

Action                   |  1- 3 |  4- 6 |  7- 9 || total
-------------------------+-------+-------+-------++-------
Melee: Short sword       |    42 |    22 |       ||    64
       Hand axe          |     3 |       |       ||     3
       Bite              |       |     5 |     6 ||    11
       Long sword        |       |    33 |    57 ||    90
       Punch             |       |     1 |       ||     1
Throw: Javelin           |       |     5 |    18 ||    23
 Cast: Summon Small Mamm |    12 |       |     1 ||    13
       Call Imp          |     5 |       |       ||     5
       Call Canine Famil |     2 |     1 |       ||     3
       Summon Lightning  |       |    11 |    18 ||    29
  Use: Potion            |     3 |     1 |     2 ||     6
 Stab: Sleeping          |     4 |     5 |     1 ||    10
  Eat: Chunk             |       |     3 |     6 ||     9
Armor: Robe              |     7 |     1 |       ||     8
       Ring mail         |       |    10 |     8 ||    18
Dodge: Dodged            |    54 |    34 |    73 ||   161
       Rpst.: Long sword |       |     7 |    17 ||    24

Table legend:
 A = Spawn XP
 B = Non-spawn XP
 C = Spawn XP percentage of total XP
 D = Spawn monster count
 E = Non-spawn monster count
 F = Spawn count percentage of total count
 G = Total turns spent on level
                    A         B        C        D         E        F      G
               +---------+---------+-------+---------+---------+-------+---------
         Total |       0 |    3347 |   0.0 |       0 |     110 |   0.0 |  2173
               +---------+---------+-------+---------+---------+-------+---------
           D:1 |       0 |      24 |   0.0 |       0 |      14 |   0.0 |   310
           D:2 |       0 |      13 |   0.0 |       0 |       5 |   0.0 |   202
           D:3 |       0 |     152 |   0.0 |       0 |      19 |   0.0 |   350
           D:4 |       0 |     147 |   0.0 |       0 |      14 |   0.0 |   310
           D:5 |       0 |     583 |   0.0 |       0 |      23 |   0.0 |   397
           D:6 |       0 |     749 |   0.0 |       0 |      11 |   0.0 |   246
           D:7 |       0 |    1471 |   0.0 |       0 |      21 |   0.0 |   120
           D:8 |       0 |     208 |   0.0 |       0 |       3 |   0.0 |    31
               +---------+---------+-------+---------+---------+-------+---------

Table legend:
 A = Turns spent in this place as a percentage of turns spent in the entire game.
 B = Non-inter-level travel turns spent in this place as a percentage of non-inter-level travel turns spent in the entire game.
 C = Inter-level travel turns spent in this place as a percentage of turns spent in this place.
 D = Turns resting spent in this place as a percentage of non-inter-level travel turns spent in this place.
 E = Turns spent auto-exploring this place as a percentage of non-inter-level travel turns spent in this place.
 F = Non-inter-level travel turns spent in this place divided by the number of levels of this place that you've seen.
                   A       B       C       D       E      F
               +-------+-------+-------+-------+-------+----------------------
         Total | 100.0 | 100.0 |   3.5 |   0.0 |   7.2 | 233.1
       Dungeon |  90.5 |  91.9 |   1.9 |   0.0 |   0.0 | 241.1
        Temple |   9.5 |   8.1 |  18.4 |   0.0 |  89.3 | 169.0
               +-------+-------+-------+-------+-------+----------------------

Table legend:
 A = Kills in this place as a percentage of kills in entire the game.
 B = Kills by you in this place as a percentage of kills by you in the entire game.
 C = Kills by friends in this place as a percentage of kills by friends in the entire game.
 D = Other kills in this place as a percentage of other kills in the entire game.
 E = Experience gained in this place as a percentage of experience gained in the entire game.
 F = Experience gained in this place divided by the number of levels of this place that you have seen.
                   A       B       C       D       E      F
               +-------+-------+-------+-------+-------+----------------------
         Total | 100.0 | 100.0 | 100.0 |   N/A | 100.0 | 371.9
       Dungeon | 100.0 | 100.0 | 100.0 |   N/A | 100.0 | 418.4
               +-------+-------+-------+-------+-------+----------------------

Vault maps used:
D:1:      nzn_arrival_depleted_hourglass, fountainhead,
          minmay_large_rounded_square
D:3:      yredelemnul_altar_generic, lemuel_blue_sif_altar,
          uniq_crazy_yiuf_cottage, uniq_ijyb
D:4:      wad_woods_tower
D:5:      lemuel_zombie_altar_kikubaaqudgha, lemuel_crystal_altar,
          gammafunk_temple_overflow_forgotten, first_ration
D:6:      lemuel_doored_altar, minmay_temple_entry_hall, uniq_pikel,
          uniq_blork_the_orc, uniq_edmund
D:7:      serial_shops, nicolae_shop_trees
D:8:      marbit_many_paths, minmay_lair_entry_grove, hangedman_pestilent_swarm,
          uniq_gastronok
Temple:   grunt_temple_mini_profane
